 Dungeon Crawl Stone Soup version 0.32-a0-913-g739538afd8 (webtiles) character file.

Game seed: 8167113326033411962

1107 Biggs the Skirmisher (level 8, 0/60 HPs)
             Began as a Coglin Hunter on Apr 7, 2024.
             Was an Initiate of Okawaru.
             Slain by a two-headed ogre
             ... wielding a +0 giant spiked club
              (17 damage)
             ... on level 6 of the Dungeon.
             The game lasted 00:06:37 (3803 turns).

Biggs the Skirmisher (Coglin Hunter)                Turns: 3803, Time: 00:06:38

Health: 0/60       AC:  5    Str: 12    XL:     8   Next: 33%
Magic:  8/8        EV: 11    Int:  8    God:    Okawaru [......]
Gold:   188        SH:  0    Dex: 20    Spells: 7/7 levels left

rFire   . . .        a - +2 sling {Fernanda}
rCold   . . .        d - +0 sling {Mettia}
rNeg    . . .        c - +0 leather armour
rPois   .            (no helmet)
rElec   .            q - +0 cloak
rCorr   .            x - +0 pair of gloves
SInv    .            (no boots)
Will    .....        (amulet unavailable)
Stlth   ++           (ring unavailable)
HPRegen 0.30/turn    (ring unavailable)
MPRegen 0.11/turn    (no gizmo)

%: no passive effects
@: about to teleport, revving
A: off-hand wielding, slow wielding, warmup strikes, no jewellery
a: Invent Gizmo, Renounce Religion


You were on level 6 of the Dungeon.
You worshipped Okawaru.
Okawaru was noncommittal.
You visited 2 branches of the dungeon, and saw 6 of its levels.

You collected 242 gold pieces.
You spent 54 gold pieces at shops.

Inventory:

Hand Weapons
 a - a +2 sling (weapon) {Fernanda}
 d - a +0 sling (offhand) {Mettia}
Armour
 c - a +0 leather armour (worn)
 q - a +0 cloak (worn)
 x - a +0 pair of gloves (worn)
Wands
 p - a wand of warping (25)
 u - a wand of paralysis (8)
 z - a wand of digging (6)
Scrolls
 b - 2 scrolls of butterflies
 e - 2 scrolls of teleportation
 g - 4 scrolls of identify {unknown}
 j - 2 scrolls of noise {unknown}
 k - a scroll of fear {unknown}
 o - 4 scrolls of blinking {unknown}
 s - a scroll of silence {unknown}
 t - a scroll of immolation {unknown}
 w - a scroll of vulnerability {unknown}
 y - a scroll of enchant weapon {unknown}
 A - a scroll of enchant armour {unknown}
Potions
 f - a potion of cancellation {unknown}
 h - a potion of degeneration {unknown}
 i - a potion of magic {unknown}
 l - 3 potions of curing
 m - a potion of invisibility {unknown}
 n - a potion of resistance {unknown}
 r - a potion of might {unknown}
 v - a potion of berserk rage {unknown}


   Skills:
 + Level 4.0 Fighting
 - Level 9.0 Ranged Weapons
 - Level 1.7 Dodging
 - Level 0.7 Stealth


You had 7 spell levels left.
You didn't know any spells.
Your spell library contained the following spells:

 Spells                   Type           Power      Damage    Failure   Level
 Shock                    Conj/Air       0%         1d3       50%         1
 Swiftness                Air            0%         N/A       86%         3
 Airstrike                Air            0%         2d(0-16)  99%         4


Dungeon Overview and Level Annotations

Branches:
Dungeon (6/15)             Temple (1/1) D:6

Altars:
Ashenzari
Cheibriados
Dithmenos
Elyvilon
Kikubaaqudgha
Makhleb
Nemelex Xobeh
Okawaru
Qazlal
Ru
Sif Muna
Trog
Uskayaw
Vehumet
Wu Jian
Xom

Shops:
D:2 [:!*(

Annotations:
D:3 3 runed translucent doors, Ikimono's ghost, amateur DECj


Innate Abilities, Weirdness & Mutations

You can wield a second weapon in your off-hand.
It takes a long time for you to wield or remove held weapons.
Your first few attacks do less damage.
You cannot equip rings or amulets.


Message History

Things that are here:
a +0 club; 3 stones Key pressed, stopping explore.
Key pressed, stopping explore.
There is an open door, spattered with blood here.
Things that are here:
a +0 club; 3 stones
Things that are here:
a +0 dagger; 4 poisoned darts
There is an open door, spattered with blood here.
Things that are here:
a +0 club; 3 stones
Things that are here:
a +3 dagger of draining; 4 poisoned darts
There is an open door, spattered with blood here.
Things that are here:
a +0 club; 3 stones Key pressed, stopping explore.
Key pressed, stopping explore.
You open the door. 2 ogres, a howler monkey, a bullfrog and an orc come into view.
The two-headed ogre shouts in stereo!
The orc shouts!
Found 14 gold pieces.
There are monsters nearby!
There are monsters nearby!
Okay, then.
You shoot a sling bullet. The ogre shouts!
The bullfrog gives a loud, deep croak!
The sling bullet hits the two-headed ogre.
The two-headed ogre is lightly wounded.
You shoot a sling bullet.
The sling bullet hits the two-headed ogre.
The two-headed ogre is lightly wounded.
The two-headed ogre hits you with a +0 giant spiked club!! x2
* * * LOW HITPOINT WARNING * * *
Unknown command.
As you read the scroll labelled ZEOKEA PEECIUPU, it crumbles to dust.
You feel strangely unstable.
It was a scroll of teleportation.
The two-headed ogre hits you with a +0 giant spiked club!
You die...

....#......................#.....
....####.####.....####.....#.....
....#....# ##...## #.....#.....
....#....# ##.## #.....#.....
....#....## #.# ##.....#.....
....#.....## +#.#+ ##......#....[
...)#......###...###.......#.....
....#..........ß...........#..().
....#......###..@###.......######
....#.....## +#.#OO##.......#...#
....#....## #.#hF.##......#...#
....#....# ##.##o..#......#...#
....#....# ##...##.$#.....##...#
....#....####.....####.....##...#
....#...........................#
....#....#....#.......#.........#
....#....#....#.......#######...#


You could see a two-headed ogre, an ogre, a bullfrog, a howler monkey and an
orc.

Vanquished Creatures
  Sigmund (D:2)
  A water moccasin (D:6)
  2 black bears (D:4)
  An ogre (D:6)
  A kobold brigand (D:6)
  2 scorpions
  3 bombardier beetles (D:3)
  A hound (D:4)
  An orc priest (D:4)
  Natasha (thrice) (D:2)
  Terence (D:3)
  5 adders
  A ribbon worm (D:3)
  2 dart slugs (D:2)
  10 orcs
  6 endoplasms
  4 giant cockroaches
  4 goblins
  5 hobgoblins
  4 jackals
  12 kobolds
  4 quokkas
  11 ball pythons
  7 bats
  3 frilled lizards
  3 rats
98 creatures vanquished.

Notes
Turn   | Place    | Note
-------+----------+-------------------------------------------
     0 | D:1      | Biggs the Coglin Hunter began the quest for the Orb.
     0 | D:1      | Reached XP level 1. HP: 16/16 MP: 1/1
   118 | D:1      | Reached skill level 4 in Ranged Weapons
   118 | D:1      | Reached XP level 2. HP: 22/22 MP: 2/2
   780 | D:2      | Reached XP level 3. HP: 27/27 MP: 3/3
   822 | D:2      | Found Guusa's Assorted Antiques.
   834 | D:2      | Found a faded altar of an unknown god.
   836 | D:2      | Bought a scroll labelled CAOTRILOERU for 24 gold pieces
   842 | D:2      | Found Cyonezoq's Weapon Emporium.
   911 | D:2      | Noticed Natasha
   914 | D:2      | Noticed Sigmund
   919 | D:2      | Killed Natasha
   920 | D:2      | Reached skill level 5 in Ranged Weapons
   920 | D:2      | Reached XP level 4. HP: 8/33 MP: 4/4
  1021 | D:2      | Found Atenteos's Book Emporium.
  1024 | D:2      | Found Jonn's Distillery.
  1071 | D:2      | Noticed Natasha
  1081 | D:2      | Killed Natasha
  1193 | D:2      | Bought a potion of curing for 30 gold pieces
  1211 | D:2      | Identified the +4 whip of the Fuzzy God {venom, *Corrode
                  | Will- Int+3 Dex+8}
  1257 | D:2      | Found Ronemo's Armour Boutique.
  1351 | D:2      | Noticed Natasha
  1358 | D:2      | Killed Sigmund
  1359 | D:2      | Reached skill level 6 in Ranged Weapons
  1359 | D:2      | Reached XP level 5. HP: 19/38 MP: 5/5
  1359 | D:2      | Reached XP level 6. HP: 22/44 MP: 6/6
  1363 | D:2      | Killed Natasha
  1613 | D:3      | Noticed Terence
  1617 | D:3      | Killed Terence
  1671 | D:3      | Found a runed translucent gate.
  1672 | D:3      | Found a runed translucent gate.
  1672 | D:3      | Found a runed translucent gate.
  1674 | D:3      | Noticed Ikimono's ghost (amateur DECj)
  1849 | D:3      | Reached skill level 7 in Ranged Weapons
  2169 | D:3      | Reached XP level 7. HP: 50/50 MP: 7/7
  2534 | D:4      | Reached skill level 8 in Ranged Weapons
  2966 | D:4      | You fall into a shaft and drop 2 floors!
  3022 | D:6      | Found a staircase to the Ecumenical Temple.
  3032 | D:6      | Reached XP level 8. HP: 56/56 MP: 8/8
  3037 | Temple   | Entered the Ecumenical Temple
  3053 | Temple   | Became a worshipper of Warmaster Okawaru
  3248 | D:6      | Reached skill level 9 in Ranged Weapons
  3801 | D:6      | Noticed a two-headed ogre
  3803 | D:6      | Slain by a two-headed ogre

Illustrated notes

Levels and vault maps discovered:
D:1:      lemuel_arrival_behind_the_door_small, layout_basic
D:2:      layout_rooms, serial_shops, nicolae_shop_gibbet_a_chance, shop, shop,
          nicolae_shop_getting_attention, nicolae_shop_advertising_works
          [nicolae_subvault_shop_adworks], basic_ecumenical_altar, uniq_sigmund,
          uniq_natasha
D:3:      layout_loops_ring, ebering_ghost_rock_garden, uniq_terence
D:4:      layout_basic, chequers_serial_rivers_micro_d
D:6:      cheibrodos_barr_body, layout_gridville,
          minmay_temple_entry_large_hall, abandoned_shop
Temple:   eino_temple_rhombus

Skill      XL: |  1  2  3  4  5  6  7  8 |
---------------+-------------------------+-----
Ranged Weapons | 4 5 6 7 8 9 |  9.0
Fighting       | 4 |  4.0
Dodging        | |  1.7
Stealth        | |  0.7

Action                     |  1- 3 |  4- 6 |  7- 9 || total
---------------------------+-------+-------+-------++-------
   Fire: Sling             |   128 |   166 |   260 ||   554
    Use: Scroll            |       |     1 |     1 ||     2
 Armour: Leather armour    |     7 |    19 |    56 ||    82
  Dodge: Dodged            |     4 |    15 |    38 ||    57

Table legend: (Time is in decaauts)
 A = Elapsed time spent in this place.
 B = Non-inter-level travel time spent in this place.
 C = Inter-level travel time spent in this place.
 D = Time resting spent in this place.
 E = Time spent auto-exploring this place.
 F = Levels seen in this place.
 G = Mean time per level.
                   A        B        C        D        E       F      G
               +--------+--------+--------+--------+--------+-----+--------+
         Total |   3830 |   3720 |    110 |     28 |   3126 |   6 |  638.3 |
       Dungeon |   3797 |   3717 |     80 |     28 |   3126 |   5 |  759.4 |
        Temple |     32 |      2 |     30 |      0 |      0 |   1 |   32.0 |
               +--------+--------+--------+--------+--------+-----+--------+

Top non-repeatable levels by time:
     D:2: 864 daAuts
     D:6: 804 daAuts
     D:3: 799 daAuts
     D:1: 763 daAuts
     D:4: 565 daAuts
  Temple: 32 daAuts
